 Dungeon Crawl Stone Soup version 0.29-a0-96-g93358da72b (webtiles) character file.

Game seed: 16990466869607173979

12509 Murumi the Blocker (level 12, -9/95 HPs)
             Began as a Formicid Fighter on Feb 12, 2022.
             Was a High Priest of Okawaru.
             Killed from afar by a swamp worm (19 damage)
             ... with a harpoon shot
             ... on level 10 of the Dungeon.
             The game lasted 00:52:05 (14227 turns).

Murumi the Blocker (Formicid Fighter)              Turns: 14227, Time: 00:52:05

Health: -9/95      AC: 22    Str: 22    XL:     12   Next: 21%
Magic:  14/16      EV:  9    Int: 12    God:    Okawaru [*****.]
Gold:   710        SH: 13    Dex: 10    Spells: 11/11 levels left

rFire   . . .      SeeInvis +   a - +7 Singing Sword {vorpal, sonic wave}
rCold   . . .      Faith    .   c - +1 buckler
rNeg    . . .      Spirit   .   A - +0 plate armour
rPois   .          Reflect  +   (helmet unavailable)
rElec   .          Harm     .   q - +2 cloak {Stlth+}
rCorr   .          Rampage  .   l - +1 pair of gloves
Will    +....                   (no boots)
Stlth   ..........              m - amulet of reflection
HPRegen 0.25/turn               (no ring)
MPRegen 0.15/turn               (no ring)

@: heroic, studying Staves
A: permanent stasis, dig shafts and tunnels, antennae 3, four strong arms
a: Dig, Shaft Self, Renounce Religion, Heroism, Finesse, Duel


You were on level 10 of the Dungeon.
You worshipped Okawaru.
Okawaru was extremely pleased with you.
You visited 2 branches of the dungeon, and saw 11 of its levels.

You collected 736 gold pieces.
You spent 26 gold pieces at shops.

Inventory:

Hand Weapons
 a - the +7 Singing Sword (weapon) {vorpal, sonic wave}
   (You took it off a centaur warrior on level 9 of the Dungeon)

   It inflicts extra damage upon your enemies.
   It radiates damaging sonic waves as it strikes, especially in combat
   involving dangerous or numerous foes.
 e - a +2 long sword of electrocution
 f - a +0 hand crossbow of flaming
Missiles
 i - 64 bolts
 C - a throwing net
Armour
 c - a +1 buckler (worn)
 l - a +1 pair of gloves (worn)
 q - a +2 cloak of stealth (worn)
 w - a +0 tower shield
 A - a +0 plate armour (worn)
Jewellery
 b - a ring of fire
 m - an amulet of reflection (around neck)
 D - a ring of ice
Wands
 d - a wand of acid (11) (quivered)
 o - a wand of iceblast (6)
 p - a wand of digging (5)
 s - a wand of flame (41)
 y - a wand of paralysis (12)
 G - a wand of polymorph (4)
Scrolls
 k - 2 scrolls of amnesia
 t - a scroll of magic mapping
 z - a scroll of enchant armour
Potions
 g - 2 potions of invisibility
 h - a potion of attraction
 j - 2 potions of resistance
 n - 4 potions of curing
 r - a potion of flight
 u - 3 potions of brilliance
 v - 2 potions of ambrosia
 x - 2 potions of magic
 E - a potion of cancellation {unknown}
Miscellaneous
 B - a phial of floods


   Skills:
 - Level 9.0(14.0) Fighting
 - Level 8.0(13.0) Long Blades
 + Level 6.7(11.7) Crossbows
 - Level 9.0(14.0) Armour
 - Level 3.0(8.0) Dodging
 - Level 11.0(16.0) Shields
 - Level 6.0 Invocations
 - Level 5.0 Evocations


You had 11 spell levels left.
You didn't know any spells.
Your spell library contained the following spells:

 Spells                   Type           Power      Damage    Failure   Level
 Beastly Appendage        Tmut           0%         N/A       98%         1
 Shock                    Conj/Air       0%         1d3       98%         1
 Wereblood                Tmut           0%         N/A       99%         2
 Ignite Poison            Fire/Tmut/Pois 0%         N/A       100%        3
 Mephitic Cloud           Conj/Pois/Air  0%         N/A       100%        3
 Spider Form              Tmut/Pois      0%         N/A       100%        3
 Airstrike                Air            0%         N/A       100%        4
 Iskenderun's Mystic Bla  Conj/Tloc      0%         2d3       100%        4
 Freezing Cloud           Conj/Ice/Air   0%         6-21      100%        5
 Silence                  Hex/Air        0%         N/A       100%        5
 Dispersal                Tloc           0%         N/A       100%        6
 Disjunction              Tloc           0%         N/A       100%        8
 Blink                    Tloc           Unusable   N/A       N/A         2
 Swiftness                Air            Unusable   N/A       N/A         3
 Summon Lightning Spire   Summ/Air       Unusable   N/A       N/A         4
 Summon Forest            Summ/Tloc      Unusable   N/A       N/A         5

Dungeon Overview and Level Annotations

Branches:
Dungeon (10/15)            Temple (1/1) D:4             Orc (0/2) D:10
   Lair: D:8-11

Altars:
Ashenzari
Cheibriados
Dithmenos
Elyvilon
Fedhas
Gozag
Hepliaklqana
Kikubaaqudgha
Makhleb
Nemelex Xobeh
Okawaru
Qazlal
Ru
Sif Muna
Trog
Uskayaw
Vehumet
Wu Jian
Xom
Yredelemnul
Zin
The Shining One

Shops:
D:3 ?   D:7 :

Annotations:
D:10 1 runed translucent door, 1 transporter


Innate Abilities, Weirdness & Mutations

You cannot be hasted, slowed, berserked, paralysed or teleported.
You can dig through walls and to a lower floor.
You have a pair of large antennae on your head. (SInv)
Your four strong arms can wield two-handed weapons with a shield.


Message History

The swamp worm is severely wounded.
The swamp worm is moderately wounded.
You destroy the briar patch! x2
The swamp worm is almost dead.
You destroy the briar patch!
The swamp worm fires a harpoon shot at you.
The harpoon shot hits you!
You are yanked forward by the harpoon shot.
You violently stop moving!
* * * LOW HITPOINT WARNING * * *
You feel much better.
The swamp worm fires a harpoon shot at you.
The harpoon shot hits you.
You are yanked forward by the harpoon shot.
You violently stop moving!
* * * LOW HITPOINT WARNING * * *
The swamp worm fires a harpoon shot at you.
The harpoon shot hits you.
* * * LOW HITPOINT WARNING * * *
You are yanked forward by the harpoon shot.
You violently stop moving!
* * * LOW HITPOINT WARNING * * *
The swamp worm fires a harpoon shot at you.
The harpoon shot hits you.
* * * LOW HITPOINT WARNING * * *
You are yanked forward by the harpoon shot.
You violently stop moving!
Unknown command.
The swamp worm fires a harpoon shot at you.
The harpoon shot hits you.
* * * LOW HITPOINT WARNING * * *
You are yanked forward by the harpoon shot.
You violently stop moving!
* * * LOW HITPOINT WARNING * * *
You gain the combat prowess of a mighty hero.
The swamp worm fires a harpoon shot at you.
The harpoon shot hits you but does no damage.
The swamp worm fires a harpoon shot at you.
The harpoon shot hits you!!
You die...

..# #.#
#.....###.####.####.....
### ###
#.....'.................
##....###......##.#..#..
#####..#...##...##.#.....
##..........##...##.#.....
##.#########...............
#..#♣#.#w#w#.....###.#.....
#.##≈≈≈#≈≈§####..# #.#.#.#.
#.#....°..@#$=#..###.#.#.#.
#©#©^^^^^^○+[©#©...#.......
#.#.....°§§#$[#....#.#.#.##
#.##§≈≈≈#§≈####....#.#.#.#
#..##†#♣#w##.......#.#.#.##
##.#########.###...#.#.....
##..........# #...#.#.#.##
###.#####.####...'.......
#.......)......#.##.#.#


You could see 3 swamp worms.

Vanquished Creatures
  Snorg (D:10)
  Fannar (D:10)
  A centaur warrior (D:9)
  A two-headed ogre (D:10)
  The ghost of anet the Apostle, a novice HOCj of Beogh (D:6)
  A necromancer (D:10)
  2 ugly things (D:9)
  Maurice (D:9)
  2 unseen horrors
  Psyche (D:8)
  A kobold demonologist (D:9)
  Maggie (D:6)
  A troll (D:10)
  2 hornets
  Prince Ribbit (D:5)
  A slime creature (D:9)
  2 wyverns
  8 yaks
  3 steam dragons
  An acid dragon (D:9)
  2 swamp worms (D:10)
  3 orc warriors (D:9)
  2 black bears
  2 ice beasts
  A sky beast (D:7)
  4 necrophages
  3 centaurs
  2 ogres
  A kobold brigand (D:8)
  A scorpion (D:5)
  A water moccasin skeleton (D:6)
  5 killer bees
  9 wights
  5 howler monkeys
  4 hounds
  2 bullfrog zombies (D:5)
  A jelly (D:7)
  4 orc priests
  2 bullfrog skeletons (D:6)
  Crazy Yiuf (D:4)
  An iguana (D:5)
  2 gnoll shamans
  8 orc wizards
  2 polar bear simulacra (D:10)
  2 yak simulacra (D:10)
  4 wolf simulacra (D:10)
  A mummy (D:3)
  3 howler monkey zombies
  2 gnolls
  10 adders
  2 white imps (D:5)
  An ufetubus (D:5)
  2 worms
  A dart slug (D:1)
  28 orcs
  5 bats
  5 endoplasms
  3 giant cockroaches
  8 goblins
  11 hobgoblins
  5 jackals
  A quokka (D:1)
  8 ball pythons
  3 frilled lizards
  A jackal zombie (D:10)
  10 kobolds
  A kobold zombie (D:10)
  4 rats
  3 river rat simulacra (D:10)
  12 briar patches (D:10)
237 creatures vanquished.

Vanquished Creatures (others)
  A killer bee (D:8)
  An orc (D:5)
  2 briar patches (D:10)
  A fungus (D:4)
  2 plants (D:10)
7 creatures vanquished.

Grand Total: 244 creatures vanquished

Notes
Turn   | Place    | Note
-------+----------+-------------------------------------------
     0 | D:1      | Murumi the Formicid Fighter began the quest for the Orb.
     0 | D:1      | Reached XP level 1. HP: 18/18 MP: 1/1
    87 | D:1      | Reached skill level 4 in Shields
   125 | D:1      | Reached XP level 2. HP: 24/24 MP: 2/2
   816 | D:1      | Reached XP level 3. HP: 29/30 MP: 3/3
  1538 | D:2      | Reached skill level 1 in Dodging
  1538 | D:2      | Reached XP level 4. HP: 37/37 MP: 4/4
  1618 | D:2      | Found an opulent altar of Gozag.
  1762 | D:2      | Reached XP level 5. HP: 28/42 MP: 5/5
  2055 | D:2      | Identified the +3 leather armour "Bid Huj" {Contam Will+
                  | rCorr Int+3}
  2162 | D:3      | You fall into a shaft and drop 2 floors!
  2162 | D:5      | Entered Level 5 of the Dungeon
  2189 | D:4      | Noticed a necrophage
  2223 | D:5      | Reached skill level 5 in Shields
  2537 | D:5      | Reached XP level 6. HP: 23/48 MP: 6/6
  2769 | D:5      | Noticed a necrophage
  2884 | D:5      | Killed a necrophage
  2995 | D:4      | Killed a necrophage
  2996 | D:4      | Reached skill level 5 in Fighting
  2996 | D:4      | Reached XP level 7. HP: 54/56 MP: 7/7
  3064 | D:3      | Found Qissibac's Magic Scroll Boutique.
  3067 | D:3      | Bought a scroll of identify for 26 gold pieces
  3163 | D:3      | Found a broken altar of Ashenzari.
  3199 | D:3      | Found a snail-covered altar of Cheibriados.
  3249 | D:3      | Found a bloodstained altar of Trog.
  3488 | D:3      | Reached skill level 5 in Armour
  3930 | D:4      | Found a hide-covered altar of Uskayaw.
  3962 | D:4      | Found a hazy altar of Hepliaklqana.
  4072 | D:4      | Found a staircase to the Ecumenical Temple.
  4093 | Temple   | Entered the Ecumenical Temple
  4430 | D:4      | Identified the +0 dagger "Aceu" {antimagic, rElec rCorr}
  4515 | D:4      | Found a white marble altar of Elyvilon.
  4613 | D:4      | Found a glowing silver altar of Zin.
  4724 | D:4      | Found a runed translucent door.
  4725 | D:4      | Noticed Crazy Yiuf
  4732 | D:4      | Killed Crazy Yiuf
  4882 | D:5      | Reached skill level 6 in Shields
  4888 | D:5      | Reached skill level 1 in Evocations
  5185 | D:5      | Found a glowing golden altar of the Shining One.
  5501 | D:5      | Found an ancient bone altar of Kikubaaqudgha.
  5724 | D:6      | Noticed Prince Ribbit
  5757 | D:5      | Reached XP level 8. HP: 49/62 MP: 8/8
  5852 | D:5      | Killed Prince Ribbit
  5853 | D:5      | Reached skill level 7 in Shields
  6162 | D:6      | Reached skill level 5 in Long Blades
  6394 | D:6      | Found a runed translucent door.
  6420 | D:6      | Noticed Maggie
  6431 | D:6      | HP: 3/64 [Maggie (2)]
  6435 | D:6      | Killed Maggie
  6436 | D:6      | Reached skill level 8 in Shields
  6436 | D:6      | Reached XP level 9. HP: 10/71 MP: 9/9
  6733 | D:6      | Found a radiant altar of Vehumet.
  6971 | D:6      | Noticed anet's ghost (novice HOCj)
  7890 | D:7      | Found Uluphuaw's Book Boutique.
  8051 | D:7      | Reached skill level 9 in Shields
  8225 | D:7      | Noticed an unseen horror
  8238 | D:7      | Killed an unseen horror
  8239 | D:7      | Reached XP level 10. HP: 62/80 MP: 10/10
  8682 | D:7      | Found an iron altar of Okawaru.
  8693 | D:7      | Became a worshipper of Warmaster Okawaru
  8879 | D:7      | Reached skill level 1 in Invocations
  9125 | D:8      | Noticed Maurice
  9196 | D:8      | Reached * piety under Okawaru
  9482 | D:8      | Noticed Psyche
  9489 | D:8      | Reached skill level 5 in Invocations
  9511 | D:8      | Killed Psyche
 10387 | D:9      | Reached ** piety under Okawaru
 10475 | D:9      | Identified the +5 falchion of Light {drain, Int+3}
 10573 | D:9      | Reached skill level 10 in Shields
 11019 | D:9      | Reached XP level 11. HP: 82/87 MP: 14/14
 11659 | D:9      | Noticed a centaur warrior
 11662 | D:9      | Killed a centaur warrior
 11662 | D:9      | Reached *** piety under Okawaru
 11765 | D:9      | Got the Almanac of Flying Translocation
 11770 | D:9      | Noticed a purple ugly thing
 11772 | D:9      | Noticed a purple ugly thing
 11776 | D:9      | Killed a purple ugly thing
 11782 | D:9      | Killed a purple ugly thing
 12037 | D:10     | Entered Level 10 of the Dungeon
 12058 | D:9      | Killed Maurice
 12059 | D:9      | Reached skill level 5 in Evocations
 12249 | D:10     | Noticed Snorg
 12260 | D:10     | Killed Snorg
 12260 | D:10     | Reached **** piety under Okawaru
 12266 | D:10     | Noticed Fannar
 12622 | D:10     | Killed Fannar
 12623 | D:10     | Reached skill level 11 in Shields
 13135 | D:10     | Found a runed translucent door.
 13141 | D:10     | Found a transporter.
 13148 | D:10     | Found a basalt altar of Yredelemnul.
 13151 | D:10     | Noticed a two-headed ogre
 13157 | D:10     | Killed a two-headed ogre
 13158 | D:10     | Reached skill level 5 in Crossbows
 13158 | D:10     | Reached XP level 12. HP: 88/95 MP: 16/16
 13201 | D:10     | Found a transporter.
 13217 | D:10     | Found a staircase to the Orcish Mines.
 13907 | D:6      | Killed anet's ghost
 13907 | D:6      | Reached ***** piety under Okawaru
 13907 | D:6      | Received a gift from Okawaru
 14227 | D:10     | Killed from afar by a swamp worm

Illustrated notes

Levels and vault maps discovered:
D:1:      psy_arrival_conway, layout_loops_corners, chequers_garden,
          chequers_serial_rivers_micro_e, st_stairs_5
D:2:      layout_rooms, basic_altar, minivault_4, minmay_nonomino_d4
D:3:      layout_basic, mainiacjoe_overflow_catch_the_wave, slow_altar_2,
          serial_shops, shop, st_stairs_1, minmay_misc_feat_chi, hex_medium
D:4:      layout_gridville, zin_academy, mainiacjoe_overflow_cross_hatched,
          mainiacjoe_overflow_catwalk_spiral, minmay_temple_entry_mist,
          uniq_crazy_yiuf_cottage
D:5:      layout_loops_corners, tso_oasis_becter,
          mainiacjoe_overflow_tiny_flanked
D:6:      layout_basic, vehumet_altar_wand_db, hellmonk_ghost_happy_afterlife,
          serial_bayou_crossing, uniq_maggie, uniq_prince_ribbit1
D:7:      layout_loops_cross, okawaru_altar_gauntlet_db, serial_shops,
          kennysheep_mini_moat, minivault_22
D:8:      layout_rooms, minmay_fractal_squares_gapless_5, uniq_maurice,
          uniq_psyche
D:9:      minmay_the_grid_octo_triangle [minmay_the_grid_octo_clover,
          minmay_the_grid_octo_prize_single_spiral,
          minmay_the_grid_octo_fan_narrow], layout_cave_pods
D:10:     gammafunk_worm_tunnel, layout_basic, dk_yredelemnul_ordeal,
          orc_0_dummy, eino_house_with_fridge, uniq_fannar, uniq_snorg
Temple:   jpeg_temple_alley_garden

Skill      XL: |  1  2  3  4  5  6  7  8  9 10 11 12 |
---------------+-------------------------------------+-----
Shields        | 4 5 6 8 9 10 11 | 11.0
Fighting       | 4 5 6 8 9 |  9.0
Armour         | 4 5 6 7 8 9 |  9.0
Dodging        | 1 2 3 |  3.0
Long Blades    | 3 4 5 6 7 8 |  8.0
Evocations     | 2 3 4 5 |  5.0
Invocations    | 5 6 |  6.0
Crossbows      | 5 6 |  6.7

Action                   |  1- 3 |  4- 6 |  7- 9 | 10-12 || total
-------------------------+-------+-------+-------+-------++-------
Melee: Long sword        |    92 |    99 |   315 |   173 ||   679
       Falchion          |       |       |       |   125 ||   125
       Double sword      |       |       |       |    78 ||    78
 Fire: Hand crossbow     |       |       |       |    38 ||    38
Invok: Heroism           |       |       |       |     5 ||     5
 Abil: Dig               |       |       |     4 |     1 ||     5
Evoke: Wand              |       |       |     2 |     3 ||     5
  Use: Scroll            |     2 |     2 |    15 |     7 ||    26
       Potion            |       |       |     2 |     1 ||     3
Armor: Scale mail        |    52 |    40 |    24 |       ||   116
       Chain mail        |       |       |   161 |    66 ||   227
       Plate armour      |       |       |       |    65 ||    65
Dodge: Dodged            |    44 |    40 |    99 |    78 ||   261
Block: Buckler           |    26 |    16 |    88 |   160 ||   290
       Reflection        |       |       |       |    12 ||    12

Table legend: (Time is in decaauts)
 A = Elapsed time spent in this place.
 B = Non-inter-level travel time spent in this place.
 C = Inter-level travel time spent in this place.
 D = Time resting spent in this place.
 E = Time spent auto-exploring this place.
 F = Levels seen in this place.
 G = Mean time per level.
                   A        B        C        D        E       F      G
               +--------+--------+--------+--------+--------+-----+--------+
         Total |  14405 |  13252 |   1153 |    825 |   9940 |  11 | 1309.5 |
       Dungeon |  14174 |  13075 |   1099 |    825 |   9769 |  10 | 1417.4 |
        Temple |    231 |    177 |     54 |      0 |    171 |   1 |  231.0 |
               +--------+--------+--------+--------+--------+-----+--------+

Top non-repeatable levels by time:
     D:9: 2433 daAuts
     D:5: 2038 daAuts
     D:7: 1706 daAuts
    D:10: 1522 daAuts
     D:1: 1406 daAuts
     D:6: 1400 daAuts
     D:8: 1195 daAuts
     D:3: 944 daAuts
     D:4: 768 daAuts
     D:2: 757 daAuts
  Temple: 231 daAuts
